 Dungeon Crawl Stone Soup version 0.18-a0-1120-g03bd624 (webtiles) character file.

697 root the Shield-Bearer (level 7, -1/55 HPs)
             Began as a Formicid Fighter on Jan 17, 2016.
             Slain by Chiseanne's ghost (7 damage)
             ... on level 6 of the Dungeon.
             The game lasted 00:10:43 (1732 turns).

root the Shield-Bearer (Formicid Fighter)           Turns: 1732, Time: 00:10:43

Health: -1/55      AC:  7    Str: 21    XL:     7   Next: 97%
Magic:  7/7        EV: 10    Int:  7    God:
Gold:   46         SH: 10    Dex: 12    Spells: 0 memorised, 6 levels left

rFire  + . .     SeeInvis +     a - +0 quarterstaff
rCold  + . .     Gourm    .     b - +0 scale mail
rNeg   . . .     Faith    .     c - +0 shield
rPois  +         Spirit   .     (helmet unavailable)
rElec  +         Dismiss  .     (no cloak)
rCorr  +         Reflect  .     (no gloves)
SustAt .         Harm     .     (no boots)
MR     +....                    (no amulet)
Stlth  ..........               (no ring)
                                m - ring of protection from magic

@: resistant, flying, somewhat resistant to hostile enchantments, extremely
unstealthy
A: permanent stasis, dig shafts and tunnels, four strong arms, antennae 3
a: Dig, Shaft Self


You were on level 6 of the Dungeon.
You were not hungry.

You visited 1 branch of the dungeon, and saw 6 of its levels.

You collected 46 gold pieces.

Inventory:

Hand Weapons
 a - a +0 quarterstaff (weapon)
 e - a +0 hunting sling
Missiles
 l - 66 stones (quivered)
 n - 24 sling bullets
Armour
 b - a +0 scale mail (worn)
 c - a +0 shield (worn)
Jewellery
 m - a ring of protection from magic (left hand)
Scrolls
 g - a scroll of amnesia {unknown}
 q - a scroll of teleportation {unknown}
 r - a scroll of remove curse {unknown}
Potions
 h - a potion of flight
 i - a potion of cancellation {unknown}
 k - a potion of haste {unknown}
 p - a potion of lignification {unknown}
 s - a potion of brilliance {unknown}
Comestibles
 f - a bread ration
 j - 2 meat rations
 o - 3 chunks of flesh


   Skills:
 + Level 4.7 Fighting
 * Level 3.5 Staves
 * Level 1.0 Slings
 + Level 5.5 Armour
 + Level 2.9 Dodging
 + Level 0.3 Stealth
 + Level 6.0 Shields


You had 6 spell levels left.
You didn't know any spells.

Dungeon Overview and Level Annotations

Branches:
Dungeon (6/15)
 Temple: D:4-7

Altars:
Dithmenos

Annotations:
D:5 Edmund
D:6 Chiseanne's ghost, novice CeAE


Innate Abilities, Weirdness & Mutations

You are under a permanent stasis effect.
You can dig through walls and to a lower floor.
Your four strong arms can wield two-handed weapons with a shield.
You have a pair of large antennae on your head (SInv).


Message History

Chiseanne's ghost closely misses you.
Drink which item? (? for menu, Esc to quit)
Okay, then.
You hit Chiseanne's ghost but do no damage.
Chiseanne's ghost is severely damaged.
You block Chiseanne's ghost's attack.
You hit Chiseanne's ghost but do no damage.
Chiseanne's ghost is severely damaged.
Chiseanne's ghost hits you.
* * * LOW HITPOINT WARNING * * *
You closely miss Chiseanne's ghost.
Chiseanne's ghost is severely damaged.
Chiseanne's ghost hits you but does no damage.
You hit Chiseanne's ghost.
Chiseanne's ghost is severely damaged.
Chiseanne's ghost hits you but does no damage.
You hit Chiseanne's ghost.
Chiseanne's ghost is severely damaged.
Chiseanne's ghost hits you!
You die...

#.##.# #..#
#.##.# #..##
#.##.####..## #
#.#..##...... #.
#.#...>....##
#.#
#.#..########
#.####.#..#{{{ {
####........#
#.W@####.#.>#{{{
#...# #....#
#...# ######
#.### #. #. #


You could see Chiseanne's ghost.

Vanquished Creatures
  Grinder (D:5)
  A hungry ghost (D:4)
  Duvessa (D:5)
  Dowan (D:5)
  A scorpion (D:5)
  A hound (D:5)
  An orc wizard (D:5)
  A worker ant (D:5)
  4 adders
  An ooze (D:4)
  2 worms
  2 orcs (D:5)
  4 goblins
  3 hobgoblins
  A kobold (D:1)
  A bat (D:2)
  2 giant newts (D:3)
  4 rats
32 creatures vanquished.

Notes
Turn   | Place    | Note
--------------------------------------------------------------
     0 | D:1      | root the Formicid Fighter began the quest for the Orb.
     0 | D:1      | Reached XP level 1. HP: 18/18 MP: 1/1
   273 | D:2      | Reached XP level 2. HP: 22/24 MP: 2/2
   310 | D:2      | Reached XP level 3. HP: 6/29 MP: 3/3
   313 | D:2      | HP: 1/29 [poisoned by an adder]
   665 | D:3      | Reached skill level 4 in Shields
   745 | D:3      | Reached XP level 4. HP: 37/37 MP: 4/4
   770 | D:4      | Reached skill level 1 in Dodging
   794 | D:5      | Entered Level 5 of the Dungeon
   825 | D:5      | Noticed a hungry ghost
   840 | D:4      | Killed a hungry ghost
   840 | D:4      | Reached XP level 5. HP: 39/42 MP: 5/5
   840 | D:4      | Reached XP level 6. HP: 44/48 MP: 6/6
   850 | D:5      | Reached skill level 5 in Shields
   870 | D:5      | Found a shadowy altar of Dithmenos.
   894 | D:5      | Noticed Duvessa
   894 | D:5      | Noticed Dowan
   929 | D:5      | Killed Duvessa
  1159 | D:5      | Killed Dowan
  1159 | D:5      | Reached XP level 7. HP: 53/55 MP: 7/7
  1190 | D:5      | Noticed Grinder
  1232 | D:5      | HP: 1/55 [Grinder (5)]
  1234 | D:5      | Killed Grinder
  1234 | D:5      | Reached skill level 5 in Armour
  1550 | D:5      | Reached skill level 6 in Shields
  1607 | D:5      | Reached skill level 1 in Slings
  1639 | D:5      | Noticed Edmund
  1689 | D:6      | Noticed Chiseanne's ghost (novice CeAE)
  1732 | D:6      | Slain by Chiseanne's ghost

Vault maps used:
D:1:      nagdon_arrival_zigzag_paths, minmay_gold_behind_fungi
D:2:      old_standard_altar, serial_forest, infiniplex_forest_lined_corner,
          infiniplex_forest_corner_2, infiniplex_forest_join,
          infiniplex_forest_clump_small, infiniplex_forest_clump_small
D:3:      minmay_door_path, cheibriados_altar_wand_db
D:4:      kennysheep_the_goblin_king, minitemple, first_bread
D:5:      grunt_temple_overflow_bloody_war, kennysheep_little_box, uniq_edmund,
          uniq_duvessa, uniq_grinder
D:6:      kennysheep_windowed_halls, minmay_temple_entry_poolview,
          corexii_checkpoint_a, moated_statue, kennysheep_generic_room_16,
          uniq_prince_ribbit1, uniq_pikel, uniq_menkaure

Action                   |  1- 3 |  4- 6 |  7- 9 || total
-------------------------+-------+-------+-------++-------
Melee: Quarterstaff      |    80 |    51 |    94 ||   225
 Fire: Hunting sling     |     3 |     2 |       ||     5
  Use: Potion            |     1 |     1 |     2 ||     4
  Eat: Chunk             |       |     4 |     2 ||     6
